 Dungeon Crawl Stone Soup version 0.27.1 (webtiles) character file.

Game seed: 15749062164730160134

77 Mesmaeker13 the Caller (level 4, -4/24 HPs)
             Began as a Tengu Summoner on Sept 4, 2021.
             Splashed by Ijyb's acid (8 damage)
             ... on level 3 of the Dungeon.
             The game lasted 00:03:14 (2131 turns).

Mesmaeker13 the Caller (Tengu Summoner)             Turns: 2131, Time: 00:03:14

Health: -4/24      AC:  5    Str:  9    XL:     4   Next: 33%
Magic:  3/9        EV: 13    Int: 16    God:
Gold:   104        SH:  0    Dex: 14    Spells: 2/8 levels left

rFire    . . .     SeeInvis .   l - +1 short sword (flame)
rCold    + . .     Faith    .   (no shield)
rNeg     . . .     Spirit   .   a - +0 robe
rPois    +         Reflect  .   (helmet restricted)
rElec    .         Harm     .   (no cloak)
rCorr    .         Rampage  .   h - +2 pair of gloves of Beyond {rPois rC+}
Will     .....                  (boots unavailable)
Stlth    ++........             (no amulet)
HPRegen  0.08/turn              (no ring)
MPRegen  0.11/turn              (no ring)

@: no status effects
A: beak, talons 3
a: no special abilities


You were on level 3 of the Dungeon.
You visited 1 branch of the dungeon, and saw 3 of its levels.

You collected 104 gold pieces.

Inventory:

Hand Weapons
 l - a +1 short sword of flaming (weapon)
Missiles
 f - 2 throwing nets
Armour
 a - a +0 robe (worn)
 e - a +2 tower shield
 h - the +2 pair of gloves of Beyond (worn) {rPois rC+}
   (You acquired it on level 2 of the Dungeon)

   rC:        It protects you from cold.
   rPois:     It protects you from poison.
Wands
 d - a wand of flame (17)
Scrolls
 b - a scroll of amnesia
 g - a scroll of silence {unknown}
 k - a scroll of noise
Potions
 c - 2 potions of heal wounds {unknown}
 i - a potion of brilliance {unknown}
 j - a potion of lignification {unknown}
 m - a potion of cancellation


   Skills:
 + Level 3.3 Dodging
 - Level 2.0 Stealth
 + Level 2.8 Spellcasting
 + Level 5.6 Summonings


You had 2 spell levels left.
You knew the following spells:

 Your Spells              Type           Power      Damage    Failure   Level
a - Summon Small Mammal   Summ           80%        N/A       1%          1
b - Call Imp              Summ           20%        N/A       3%          2
c - Call Canine Familiar  Summ           20%        N/A       6%          3

Your spell library contained the following spells:

 Spells                   Type           Power      Damage    Failure   Level
 Animate Skeleton         Necr           4%         N/A       19%         1
 Apportation              Tloc           4%         N/A       19%         1
 Corona                   Hex            2%         N/A       19%         1
 Pain                     Necr           8%         1d4       19%         1
 Summon Guardian Golem    Hex/Summ       11%        N/A       19%         3
 Vampiric Draining        Necr           1%         2d6       50%         3
 Summon Lightning Spire   Summ/Air       11%        N/A       52%         4
 Alistair's Intoxication  Tmut/Pois      1%         N/A       99%         5
 Invisibility             Hex            1%         N/A       100%        6


Dungeon Overview and Level Annotations

Branches:
Dungeon (3/15)

Altars:
Dithmenos

Annotations:
D:3 Ijyb


Innate Abilities, Weirdness & Mutations

You have a beak for a mouth.
You have claws for feet.


Message History

Confirm with . or Enter, or press ? or * to list all spells.
A beastly little devil appears in a puff of frigid air.
The jackal barks! x2; You hear a shout!
The jackal barely misses your white imp.
Ijyb the Twisted Goblin comes into view.
She is wielding a +0 dagger and carrying a wand of acid (7).
The jackal bites your white imp but does no damage.
Your white imp hits the jackal.
Your white imp freezes the jackal.
The jackal dies!
The jackal bites your white imp but does no damage.
Unknown command.
Your white imp closely misses the jackal. x2
Unknown command.
Casting: Call Imp (safe; 3% risk of failure)
Confirm with . or Enter, or press ? or * to list all spells.
The spell is quite dangerous to cast (6% risk of failure)!
Continue anyway?
The jackal closely misses your white imp.
Your white imp hits the jackal.
Your white imp freezes the jackal.
The jackal dies!
Unknown command.
Something barely misses your white imp. What are your orders? t - Shout!
Orders for allies: a - Attack new target. r - Retreat! s - Stop attacking. g - Guard the area. f - Follow me.
Anything else - Cancel.
Gang up on whom?
Press: ? - help, Dir - move target, f - Ijyb
Aim: Ijyb, wielding a +0 dagger, wearing a +0 leather armour and carrying a wand of acid (7) Attack!
Ijyb screams, "I no like you!"
Ijyb zaps a wand.
The bolt of acid hits your white imp.
Your white imp is splashed with acid!
The bolt of acid hits your shadow imp!
Your shadow imp is splashed with acid.
Your shadow imp dies!
The bolt of acid hits you!!
Ouch! That really hurt!
* * * LOW HITPOINT WARNING * * *
You are splashed with acid!
You die... g

........##.# ..# ##.......##.#
....#...........#
...h5...........#
......g...#..##.## #.#
#..##..#...##
#)#........#55h.....#..#
#.#........#......#....#
..#........#@####.##.#.#
#.#........#.# #.##.#.# #
####.#........#.# #.##.#.# ##
#....#........#.####.##.#.#####5
#.##.#........#......##.#......#
#....#..5.....#.........#######.
#.#..##)#######..######## ##
#.##.......†....## #
#.##########.#### #


You could see Ijyb (ally target), a friendly hound (summoned) and 2 friendly
white imps.

Vanquished Creatures
  4 dart slugs
  A ball python (D:3)
  2 bats (D:2)
  2 endoplasms (D:2)
  2 giant cockroaches (D:1)
  A hobgoblin (D:1)
  A quokka (D:1)
  2 frilled lizards
  2 kobolds
  5 rats
22 creatures vanquished.

Vanquished Creatures (collateral kills)
  Jessica (D:2)
  Terence (D:2)
  An adder (D:3)
  A worm (D:3)
  An orc (D:3)
  2 ball pythons
  2 bats (D:1)
  An endoplasm (D:2)
  A giant cockroach (D:2)
  2 hobgoblins (D:2)
  2 jackals (D:3)
  A kobold (D:2)
  A rat (D:2)
17 creatures vanquished.

Grand Total: 39 creatures vanquished

Notes
Turn   | Place    | Note
-------+----------+-------------------------------------------
     0 | D:1      | Mesmaeker13 the Tengu Summoner began the quest for the Orb.
     0 | D:1      | Reached XP level 1. HP: 10/10 MP: 4/4
   340 | D:1      | Reached skill level 5 in Summonings
   340 | D:1      | Reached XP level 2. HP: 13/15 MP: 6/6
   837 | D:2      | Found a shadowy altar of Dithmenos.
   850 | D:2      | Learned a level 2 spell: Call Imp
  1313 | D:2      | Noticed Terence
  1326 | D:2      | Killed Terence
  1327 | D:2      | Reached XP level 3. HP: 15/19 MP: 3/7
  1492 | D:2      | Identified a scroll of acquirement
  1530 | D:2      | Noticed Jessica
  1539 | D:2      | Killed Jessica
  1540 | D:2      | Reached XP level 4. HP: 15/24 MP: 4/9
  1803 | D:2      | Acquired the +2 pair of gloves of Beyond {rPois rC+}
  1823 | D:3      | Learned a level 3 spell: Call Canine Familiar
  2123 | D:3      | Noticed Ijyb
  2131 | D:3      | Splashed by Ijyb's acid

Illustrated notes

Levels and vault maps discovered:
D:1:      roderic_crossed_star, layout_basic, minmay_stone_trees_small,
          minivault_11, lemuel_another_geyser
D:2:      layout_rooms, basic_altar, minivault_23, uniq_terence, uniq_jessica
D:3:      layout_loops_ring, grunt_temple_overflow_open,
          chequers_serial_rivers_marsh, minivault_25, uniq_robin, uniq_ijyb

Skill      XL: |  1  2  3 |
---------------+----------+-----
Summonings     | 5 |  5.6
Dodging        | 3 |  3.3
Stealth        | |  2.0
Spellcasting   | |  2.8

Action                   |  1- 3 |  4- 6 || total
-------------------------+-------+-------++-------
Melee: Unarmed           |    14 |       ||    14
       Peck              |     6 |     1 ||     7
       Kick              |    10 |     1 ||    11
       Short sword       |    31 |     7 ||    38
 Cast: Summon Small Mamm |    19 |       ||    19
       Call Imp          |    14 |     8 ||    22
       Call Canine Famil |       |     1 ||     1
  Use: Scroll            |     2 |     3 ||     5
 Stab: Sleeping          |     1 |     1 ||     2
Armor: Robe              |    21 |     2 ||    23
Dodge: Dodged            |    35 |     6 ||    41
